 Dungeon Crawl Stone Soup version 0.29-a0-234-g0dae59b3db (webtiles) character file.

Game seed: 2241943929335490993

2595 spaghetti the Fighter (level 9, 0/85 HPs)
             Began as a Mummy Fighter on Mar 3, 2022.
             Slain by a wolf (4 damage)
             ... led by Grum
             ... on level 8 of the Dungeon.
             The game lasted 00:12:42 (8958 turns).

spaghetti the Fighter (Mummy Fighter)               Turns: 8958, Time: 00:12:43

Health: 0/85       AC:  7    Str: 24    XL:     9   Next: 33%
Magic:  9/9        EV:  9    Int:  7    God:
Gold:   1342       SH:  5    Dex: 11    Spells: 8/8 levels left

rFire   x . .      SeeInvis .   p - +2 flail (protect) {mace}
rCold   + . .      Faith    .   c - +1 buckler
rNeg    + + +      Spirit   .   b - +0 scale mail
rPois   ∞          Reflect  .   (no helmet)
rElec   .          Harm     .   (no cloak)
rCorr   .          Rampage  .   g - +0 pair of gloves
Will    +....                   (no boots)
Stlth   ..........              (no amulet)
HPRegen 0.24/turn               l - ring of wizardry
MPRegen 0.11/turn               (no ring)

@: no status effects
A: cold resistance 1, negative energy resistance 3, torment resistance 2, heat
vulnerability 1, in touch with death 1, no potions
a: no special abilities


You were on level 8 of the Dungeon.
You visited 2 branches of the dungeon, and saw 9 of its levels.
You also visited: Ossuary.

You collected 1342 gold pieces.


Innate Abilities, Weirdness & Mutations

You are immune to poison.
Your flesh is cold resistant. (rC+)
You are immune to negative energy. (rN+++)
You are immune to unholy pain and torment.
You are vulnerable to heat. (rF-)
You are in touch with the powers of death.
You do not drink.


   Skills:
 + Level 13.0 Fighting
 - Level 1.5 Maces & Flails
 - Level 2.4 Armour
 - Level 2.4 Shields


You had 8 spell levels left.
You didn't know any spells.
Your spell library contained the following spells:

 Spells                   Type           Power      Damage    Failure   Level
 Foxfire                  Conj/Fire      0%         2x1d4     50%         1
 Conjure Flame            Conj/Fire      0%         6-21      86%         3
 Gell's Gravitas          Tloc           0%         N/A       86%         3
 Inner Flame              Hex/Fire       0%         N/A       86%         3
 Lesser Beckoning         Tloc           0%         N/A       86%         3
 Teleport Other           Tloc           0%         N/A       86%         3
 Flame Wave               Conj/Fire      0%         2d4       99%         4

Inventory:

Hand Weapons
 a - a +0 flail {mace}
 j - a +2 short sword of draining {short}
   (You took it off a kobold on level 3 of the Dungeon)
 m - a +2 vorpal trident {polearm}
   (You took it off an orc priest on level 4 of the Dungeon)
 p - a +2 flail of protection (weapon) {mace}
   (You took it off Edmund on level 6 of the Dungeon)
 q - a +7 vorpal scythe {polearm}
   (You took it off Sigmund on level 6 of the Dungeon)
Missiles
 d - 108 stones (quivered) {throwing}
 h - 2 throwing nets {=f!fthrowing}
 k - 4 poisoned darts {throwing}
 n - a silver boomerang {throwing}
 o - 2 curare-tipped darts {=fthrowing}
 r - 4 boomerangs {throwing}
Armour
 b - a +0 scale mail (worn)
 c - a +1 buckler (worn)
 g - a +0 pair of gloves (worn)
   (You found it on level 3 of the Dungeon)
Jewellery
 f - a ring of resist corrosion
   (You took it off an orc on level 7 of the Dungeon)
 l - a ring of wizardry (left hand)
   (You took it off a kobold on level 4 of the Dungeon)
Wands
 e - a wand of flame (26)
   (You took it off Ijyb on level 3 of the Dungeon)
Scrolls
 i - a scroll of magic mapping {!r}
 s - a scroll of immolation {!r!r}

Dungeon Overview and Level Annotations

Branches:
Dungeon (8/15)             Temple (1/1) D:5         Ossuary (visited)
   Lair: D:8-11

Altars:
Elyvilon
Fedhas
Hepliaklqana
Kikubaaqudgha
Makhleb
Nemelex Xobeh
Okawaru
Ru
Sif Muna
Trog
Uskayaw
Vehumet
Wu Jian
Xom
Yredelemnul
Zin
The Shining One

Annotations:
D:8 Grum

..............
###.K..........
...KKK.........
#K.5.........
#....<.......
##K..........
#...........
.o#.#########K5.........
hg..hhh@3.4.KK......$...
.##.#########...........
############


You could see an ice devil (summoned), Grum, a kobold demonologist, a sixfirhy
(summoned), 4 wolves, a crimson imp (summoned), an orc and 2 kobolds.


Message History

As you read the scroll labelled SAOHOIJIMP, it crumbles to dust.
You feel strangely unstable.
It was a scroll of teleportation.
Found a stone staircase leading down.
Your surroundings suddenly seem different.
Unknown command.
Unknown command.
No target in view!
Key pressed, stopping explore.
Key pressed, stopping explore.
Key pressed, stopping explore.
No target in view!
Key pressed, stopping explore.
Key pressed, stopping explore.
Key pressed, stopping explore.
There is a stone staircase leading down here.
There is a stone staircase leading down here.
You pick up a book of Displacement and begin reading...
You add the spells Lesser Beckoning, Gell's Gravitas and Teleport Other to your library.
Key pressed, stopping explore.
Key pressed, stopping explore.
You now have 1342 gold pieces (gained 13).
Things that are here:
a cyan potion; a +0 halberd {polearm}; a +0 halberd {polearm}
Things that are here:
a +0 robe; a +0 dagger {short} Done exploring.
(D) Dungeon (T) Temple
Where to? (Enter - D:6 @ (x,y), ? - help)
There is a stone staircase leading down here.
You climb downwards.
The kobold demonologist shouts!
The kobold shouts!
The kobold brigand shouts!
The kobold demonologist shouts!
The kobold shouts!
The kobold brigand shouts!
There is a stone staircase leading up here.
There are monsters nearby!
Unknown command.
There are monsters nearby!
There are monsters nearby!
The kobold demonologist gestures wildly while chanting.
You hear a shout!
The kobold demonologist looks encouraged for a moment.
The kobold demonologist casts a spell.
You see here a scroll of immolation {!r!r}.
s - a scroll of immolation {!r!r} The kobold demonologist mumbles some strange words.
The sixfirhy hits you. The sixfirhy shocks you!
The kobold demonologist gestures wildly while chanting. 😕 HP[-15]
You take 15 damage, and now have 70/85 hp.
The sixfirhy hits you but does no damage.
You block the sixfirhy's attack.
Okay, then.
A wolf comes into view.
The wolf howls!
You hear a howl! x2; You hear a shout!
The sixfirhy hits you! The sixfirhy shocks you! The sixfirhy hits you.
The sixfirhy shocks you!
* * * LOW HITPOINT WARNING * * *
The sixfirhy hits you.
* * * LOW HITPOINT WARNING * * *
The sixfirhy shocks you!
* * * LOW HITPOINT WARNING * * *
A wolf comes into view.
The wolf howls! 😨 HP[-47]
You take 47 damage, and now have 23/85 hp.
MASSIVE DAMAGE!! (PAUSE) Really read
i - a scroll of magic mapping {!r}?
Okay, then.
Okay, then.
You can't drink.
Okay, then.
Okay, then.
Press: ? - help, v - describe, . - travel
Here: a sixfirhy (summoned)
The floor.
Okay, then.
A wolf comes into view.
The wolf howls!
The sixfirhy hits you.
* * * LOW HITPOINT WARNING * * *
The sixfirhy shocks you!
* * * LOW HITPOINT WARNING * * *
Grum the Hunter comes into view.
He is wielding a +1 glaive. 😱 HP[-13]
You take 13 damage, and now have 10/85 hp.
Unknown command.
Unknown command. 2 orcs come into view.
An orc is wielding a +2 antimagic dagger.
The orc shouts! x2
A wolf comes into view.
The wolf bites you.
* * * LOW HITPOINT WARNING * * *
The orc moves out of view. 😱 HP[-6]
You take 6 damage, and now have 4/85 hp.
Unknown command.
Unknown command.
You closely miss the wolf. The wolf bites you.
You die...

Skill      XL: |  1  2  3  4  5  6  7  8  9 |
---------------+----------------------------+-----
Fighting       | 4 5 6 8 9 12 13 | 13.0
Maces & Flails | |  1.5
Armour         | |  2.4
Shields        | |  2.4

Action                   |  1- 3 |  4- 6 |  7- 9 || total
-------------------------+-------+-------+-------++-------
Melee: Flail             |    76 |   268 |   137 ||   481
       Short sword       |       |    61 |   234 ||   295
Throw: Stone             |     8 |     1 |       ||     9
       Dart              |       |     2 |       ||     2
Evoke: Wand              |       |    11 |    28 ||    39
  Use: Scroll            |     4 |     6 |     1 ||    11
Armor: Scale mail        |    24 |   191 |   221 ||   436
Dodge: Dodged            |    37 |   203 |   207 ||   447
Block: Buckler           |    20 |   116 |    91 ||   227

Levels and vault maps discovered:
D:1:      amcnicky_arrival_abandoned_market, layout_loops_ring
D:2:      layout_loops_ring, uniq_robin
D:3:      layout_basic, uniq_ijyb
D:4:      layout_loops_ring, nicolae_ru_awakened_eye,
          kennysheep_okawaru_gauntlet, mainiacjoe_overflow_tiny_flanked,
          mainiacjoe_overflow_concentric_impassable, nicolae_ossuary_entry_plus
D:5:      minmay_octagon_keep, layout_rooms, brannock_xom_greatest_gift,
          temple_doors_e, grunt_ministairs_10, serial_bayou_pond_e,
          chequers_mini_garden, minmay_misc_feat_encased, kennysheep_crisscross,
          minmay_tree_intersection, minivault_24
D:6:      layout_loops_ring, nicolae_tso_besieged_by_evil,
          nicolae_elyvilon_temple_path, makhleb_grotto_becter, uniq_edmund,
          uniq_sigmund
D:7:      layout_rooms, uniq_menkaure
D:8:      gammafunk_beogh_shrine, layout_basic,
          mainiacjoe_overflow_small_starburst, mainiacjoe_overflow_paths,
          st_stairs_2, uniq_maurice, uniq_grum
Temple:   dpeg_three_leaves_temple

Notes
Turn   | Place    | Note
-------+----------+-------------------------------------------
     0 | D:1      | spaghetti the Mummy Fighter began the quest for the Orb.
     0 | D:1      | Reached XP level 1. HP: 18/18 MP: 1/1
     0 | D:1      | magus.rc [v1.9.6]
   329 | D:3      | Reached XP level 2. HP: 24/24 MP: 2/2
   515 | D:2      | Noticed Robin
   615 | D:3      | Noticed Ijyb
   631 | D:3      | Killed Ijyb
   632 | D:3      | Reached skill level 4 in Fighting
   632 | D:3      | Gained mutation: You are in touch with the powers of death.
                  | [Mummy growth]
   632 | D:3      | Reached XP level 3. HP: 24/31 MP: 3/3
   944 | D:3      | Reached skill level 5 in Fighting
   944 | D:3      | Reached XP level 4. HP: 34/39 MP: 4/4
  1253 | D:3      | HP: 10/40 [gnoll/+0 spear (6)]
  1256 | D:3      | Reached XP level 5. HP: 11/46 MP: 5/5
  1678 | D:2      | You pick up a book of Flames and begin reading...
  1678 | D:2      | You add the spells Foxfire, Conjure Flame, Inner Flame and
                  | Flame Wave to your library.
  1816 | D:2      | Your ally Robin died
  1824 | D:2      | Reached skill level 6 in Fighting
  2706 | D:1      | You fall into a shaft and drop 1 floor!
  3206 | D:4      | Found a sacrificial altar of Ru.
  3254 | D:4      | Found an ancient bone altar of Kikubaaqudgha.
  3312 | D:4      | Found a sand-covered staircase.
  3324 | Ossuary  | Entered an ossuary
  3520 | Ossuary  | Reached XP level 6. HP: 40/53 MP: 6/6
  3742 | D:4      | Found a hide-covered altar of Uskayaw.
  3757 | D:4      | Reached skill level 7 in Fighting
  4339 | D:4      | Found an iron altar of Okawaru.
  4389 | D:5      | Entered Level 5 of the Dungeon
  4871 | D:5      | Identified a scroll of acquirement
  4899 | D:5      | Acquired 1085 gold pieces
  5055 | D:5      | Noticed a water moccasin
  5056 | D:5      | Noticed an ice beast
  5068 | D:5      | Killed a water moccasin
  5069 | D:5      | Reached skill level 8 in Fighting
  5069 | D:5      | Reached XP level 7. HP: 24/63 MP: 7/7
  5309 | D:5      | Found a staircase to the Ecumenical Temple.
  5314 | Temple   | Entered the Ecumenical Temple
  5430 | D:5      | Reached skill level 9 in Fighting
  5538 | D:5      | Found a shimmering altar of Xom.
  5582 | D:5      | HP: 16/65 [centaur (3)]
  5594 | D:6      | Reached XP level 8. HP: 20/72 MP: 8/8
  5635 | D:6      | Reached skill level 10 in Fighting
  5644 | D:7      | HP: 18/72 [centaur/arrow (2)]
  5649 | D:7      | HP: 16/72 [centaur (1)]
  6147 | D:6      | Found a burning altar of Makhleb.
  6426 | D:6      | Noticed Edmund
  6456 | D:6      | Killed Edmund
  6457 | D:6      | Reached skill level 11 in Fighting
  6699 | D:6      | Noticed Sigmund
  6701 | D:6      | Killed Sigmund
  7191 | D:6      | Reached skill level 12 in Fighting
  7210 | D:6      | Reached XP level 9. HP: 71/82 MP: 9/9
  7465 | D:7      | Noticed Menkaure
  7479 | D:6      | HP: 18/82 [killer bee (4)]
  8587 | D:7      | Killed Menkaure
  8588 | D:7      | Reached skill level 13 in Fighting
  8828 | D:7      | You pick up a book of Displacement and begin reading...
  8828 | D:7      | You add the spells Lesser Beckoning, Gell's Gravitas and
                  | Teleport Other to your library.
  8946 | D:8      | Noticed a kobold demonologist
  8946 | D:8      | Noticed a kobold demonologist
  8949 | D:8      | Noticed an ice devil
  8950 | D:8      | Noticed a sixfirhy
  8956 | D:8      | HP: 21/85 [sixfirhy[a kobold demonologist] (2)]
  8956 | D:8      | HP: 10/85 [sixfirhy[a kobold demonologist] (11)]
  8956 | D:8      | Noticed Grum
  8957 | D:8      | HP: 4/85 [wolf[Grum] (6)]
  8958 | D:8      | Slain by a wolf

Vanquished Creatures
  Sigmund (D:6)
  Menkaure (D:7)
  Edmund (D:6)
  3 water moccasins
  An ice beast (D:5)
  A black bear (D:5)
  An ogre (D:5)
  A centaur (D:7)
  2 phantoms
  2 bullfrogs
  A gnoll sergeant (D:7)
  2 scorpions
  3 killer bees
  An electric eel (D:6)
  A howler monkey (D:6)
  A crimson imp (D:6)
  2 centaur zombies (Ossuary)
  2 hounds (D:6)
  3 orc priests
  Ijyb (D:3)
  An iguana (D:6)
  5 orc wizards
  11 gnolls
  8 adders
  3 shadow imps (D:6)
  A white imp (D:6)
  An ufetubus (D:6)
  A worm (D:3)
  A dart slug (D:5)
  20 orcs
  7 bats
  3 endoplasms
  2 giant cockroaches
  5 hobgoblins
  8 jackals
  3 quokkas
  8 ball pythons
  5 frilled lizards
  12 goblins
  2 goblin zombies (D:6)
  13 hobgoblin zombies
  6 kobolds
  3 kobold skeletons (D:6)
  8 kobold zombies
  2 orc skeletons (D:6)
  8 orc zombies
  6 rats
184 creatures vanquished.

Vanquished Creatures (collateral kills)
  A howler monkey (D:6)
  An orc priest (D:6)
  An orc wizard (D:6)
  3 orcs (D:6)
6 creatures vanquished.

Vanquished Creatures (others)
  An ogre (D:6)
  2 killer bees (D:6)
  Robin (D:2)
  An adder (D:6)
  An orc (D:6)
  13 plants (D:6)
19 creatures vanquished.

Grand Total: 209 creatures vanquished

Table legend:
 A = Non-vault XP
 B = Vault XP
 C = Vault XP percentage of total XP
 D = Non-vault monster count
 E = Vault monster count
 F = Vault count percentage of total count
                 A         B        C        D         E       F
            +---------+---------+-------+---------+---------+-------
      Total |    2684 |    1024 |  27.6 |     132 |      59 |  30.9
            +---------+---------+-------+---------+---------+-------
        D:1 |      36 |       0 |   0.0 |      25 |       0 |   0.0
        D:2 |      13 |      24 |  64.9 |       8 |      12 |  60.0
        D:3 |     164 |      35 |  17.6 |      24 |       1 |   4.0
        D:4 |     110 |       0 |   0.0 |      16 |       0 |   0.0
        D:5 |     705 |     192 |  21.4 |      14 |       2 |  12.5
        D:6 |     993 |     483 |  32.7 |      29 |      18 |  38.3
        D:7 |     663 |     175 |  20.9 |      16 |       1 |   5.9
    Ossuary |       0 |     115 | 100.0 |       0 |      25 | 100.0
            +---------+---------+-------+---------+---------+-------

Illustrated notes

Table legend:
 A = Kills in this place as a percentage of kills in entire the game.
 B = Kills by you in this place as a percentage of kills by you in the entire game.
 C = Kills by friends in this place as a percentage of kills by friends in the entire game.
 D = Other kills in this place as a percentage of other kills in the entire game.
 E = Experience gained in this place as a percentage of experience gained in the entire game.
 F = Experience gained in this place divided by the number of levels of this place that you have seen.
                   A       B       C       D       E      F
               +-------+-------+-------+-------+-------+----------------------
         Total | 100.0 | 100.0 | 100.0 | 100.0 | 100.0 | 370.8
       Dungeon |  86.9 |  86.4 | 100.0 | 100.0 |  96.9 | 449.1
       Ossuary |  13.1 |  13.6 |   0.0 |   0.0 |   3.1 | 115.0
               +-------+-------+-------+-------+-------+----------------------

Table legend: (Time is in decaauts)
 A = Elapsed time spent in this place.
 B = Non-inter-level travel time spent in this place.
 C = Inter-level travel time spent in this place.
 D = Time resting spent in this place.
 E = Time spent auto-exploring this place.
 F = Levels seen in this place.
 G = Mean time per level.
                   A        B        C        D        E       F      G
               +--------+--------+--------+--------+--------+-----+--------+
         Total |   9189 |   8935 |    254 |   2175 |   4991 |  10 |  918.9 |
       Dungeon |   8876 |   8637 |    239 |   2175 |   4828 |   8 | 1109.5 |
        Temple |     80 |     65 |     15 |      0 |     58 |   1 |   80.0 |
       Ossuary |    231 |    231 |      0 |      0 |    105 |   1 |  231.0 |
               +--------+--------+--------+--------+--------+-----+--------+

Top non-repeatable levels by time:
     D:6: 2485 daAuts
     D:3: 1329 daAuts
     D:4: 1284 daAuts
     D:5: 968 daAuts
     D:7: 963 daAuts
     D:1: 918 daAuts
     D:2: 914 daAuts
 Ossuary: 231 daAuts
  Temple: 80 daAuts
     D:8: 11 daAuts
